 Dungeon Crawl Stone Soup version 0.30-a0-824-g6c64550be9 (webtiles) character file.

Game seed: 3520650003926195855

138 qeuew the Slasher (level 5, -1/41 HPs)
             Began as a Demonspawn Monk on Feb 27, 2023.
             Slain by Grinder (7 damage)
             ... while paralysed by Grinder
             ... on level 3 of the Dungeon.
             The game lasted 00:02:47 (2020 turns).

qeuew the Slasher (Demonspawn Monk)                 Turns: 2020, Time: 00:02:47

Health: -1/41      AC:  5    Str: 11    XL:     5   Next: 1%
Magic:  5/5        EV: -1    Int: 12    God:
Gold:   126        SH:  0    Dex: 17    Spells: 4/4 levels left

rFire   . . .      SeeInvis .    a - +1 falchion
rCold   . . .      Faith    .    (no shield)
rNeg    . . .      Spirit   .    e - +0 ring mail
rPois   .          Reflect  .    (no helmet)
rElec   .          Harm     .    (no cloak)
rCorr   .          Rampage  .    (no gloves)
Will    .....                    (no boots)
Stlth   +                        (no amulet)
HPRegen 0.26/turn                (no ring)
MPRegen 0.09/turn                (no ring)

@: paralysed, constricted
A: foul stench 1, weakness stinger 2
a: no special abilities


You were on level 3 of the Dungeon.
You visited 1 branch of the dungeon, and saw 3 of its levels.

You collected 126 gold pieces.

Inventory:

Hand Weapons
 a - a +1 falchion (weapon)
Armour
 e - a +0 ring mail (worn)
Jewellery
 c - a ring of magical power
Scrolls
 b - a scroll of fog
 d - 6 scrolls of identify
 f - 2 scrolls of amnesia
 g - 2 scrolls of teleportation


   Skills:
 + Level 3.5 Fighting
 * Level 3.6 Long Blades
 * Level 2.4 Armour
 + Level 3.2 Dodging
 - Level 1.7 Stealth


You had 4 spell levels left.
You didn't know any spells.
Your spell library contained the following spells:

 Spells                   Type           Power      Damage    Failure   Level
 Hailstorm                Conj/Ice       0%         3d3       93%         3
 Vhi's Electric Charge    Tloc/Air       0%         N/A       93%         3
 Ice Form                 Ice/Tmut       0%         N/A       100%        4
 Arcjolt                  Conj/Air       0%         1d10      100%        5
 Simulacrum               Ice/Necr       0%         N/A       100%        6
 Maxwell's Capacitive Co  Air            0%         ∞         100%        8


Dungeon Overview and Level Annotations

Branches:
Dungeon (3/15)

Altars:
Fedhas

Annotations:
D:3 Grinder


Innate Abilities, Weirdness & Mutations

You may rarely emit foul miasma when damaged in melee.
You have a tail ending in a sharp stinger.


Message History

Grinder is nearby!
Grinder is nearby!
An adder comes into view.
Found 14 gold pieces and a plate armour.
A bat comes into view.
The adder moves out of view.
The bat moves out of view.
A worm comes into view.
Grinder gestures at you.
You suddenly lose the ability to move!
The adder hisses angrily.
A ball python comes into view.
Grinder hits you.
You writhe in agony.
Grinder hits you!
You writhe in agony.
Grinder gestures at you. Pain shoots through your body!
The adder bites you but does no damage.
You can move again.
You completely miss Grinder.
The ball python hisses angrily.
You tail-slap Grinder, but do no damage.
The bat hits you but does no damage. Grinder barely misses you.
The adder bites you but does no damage. Grinder closely misses you.
The adder closely misses you.
You hit Grinder but do no damage.
You tail-slap Grinder, but do no damage.
The bat closely misses you. The bat hits you but does no damage.
The adder bites you but does no damage. Grinder gestures at you.
You suddenly lose the ability to move!
The adder bites you.
* * * LOW HITPOINT WARNING * * *
The bat hits you but does no damage. The ball python bites you.
* * * LOW HITPOINT WARNING * * *
The ball python grabs you. The ball python constricts you.
* * * LOW HITPOINT WARNING * * *
Grinder hits you.
* * * LOW HITPOINT WARNING * * *
The bat hits you but does no damage. The adder bites you but does no damage.
The ball python bites you but does no damage.
The ball python constricts you. Grinder hits you!
You die...

.###...#.............##....#.##..
.P...#>######...#######.##.......
~.♣..P#. #...# #.<)....### ~♣....
. #...# #######.# ~~~♣~P. #...#
#.# ~~~~♣~. #...# #.### ~~♣~~..
##b######### #...# .~~~~♣.
#.........# ###.. †.PP...
##.@S..##. #.. ....##
.......S5$.# #.. ##.##
.#.###......... #.. .. #.....[...
##. . .w###..#.# #. .... ..# . ##
.... .. .... .##


You could see Grinder, a worm (wandering), an adder, a bat and a ball python.

Vanquished Creatures
  A hound (D:3)
  2 orc wizards (D:3)
  2 worms (D:2)
  3 orcs (D:3)
  2 bats
  6 endoplasms
  2 giant cockroaches
  7 goblins
  8 hobgoblins
  A jackal (D:3)
  3 ball pythons (D:1)
  2 frilled lizards
  4 kobolds
  4 rats
47 creatures vanquished.

Notes
Turn   | Place    | Note
-------+----------+-------------------------------------------
     0 | D:1      | qeuew the Demonspawn Monk began the quest for the Orb.
     0 | D:1      | Reached XP level 1. HP: 18/18 MP: 1/1
   202 | D:1      | Gained mutation: You have a small tail. [demonic ancestry]
   202 | D:1      | Reached XP level 2. HP: 24/24 MP: 2/2
   392 | D:1      | Reached skill level 1 in Armour
  1016 | D:2      | Gained mutation: You have a tail ending in a sharp stinger.
                  | [demonic ancestry]
  1016 | D:2      | Reached XP level 3. HP: 23/29 MP: 3/3
  1514 | D:3      | Reached XP level 4. HP: 11/35 MP: 4/4
  1794 | D:3      | Gained mutation: You may rarely emit foul miasma when
                  | damaged in melee. [demonic ancestry]
  1794 | D:3      | Reached XP level 5. HP: 41/41 MP: 5/5
  1806 | D:3      | Found a blossoming altar of Fedhas.
  2010 | D:3      | Noticed Grinder
  2013 | D:3      | Paralysed by Grinder for 4 turns
  2018 | D:3      | Paralysed by Grinder for 3 turns
  2020 | D:3      | Slain by Grinder

Illustrated notes

Levels and vault maps discovered:
D:1:      mrwooster_arrival_statue, layout_loops_ring, corexii_leaking_fountain,
          nicolae_titane
D:2:      layout_rooms, grunt_ministairs_8
D:3:      layout_loops_cross, fedhas_ov_isle_minmay, serial_bayou_pond_a,
          kennysheep_generic_room_13, uniq_grinder

Skill      XL: |  1  2  3  4 |
---------------+-------------+-----
Long Blades    | 3 |  3.6
Armour         | 1 2 |  2.4
Dodging        | 3 |  3.2
Fighting       | |  3.5
Stealth        | |  1.7

Action                     |  1- 3 |  4- 6 || total
---------------------------+-------+-------++-------
  Melee: Falchion          |    94 |    53 ||   147
         Tailslap          |    15 |     6 ||    21
         Punch             |     1 |       ||     1
    Use: Scroll            |     6 |       ||     6
         Potion            |     3 |     1 ||     4
   Stab: Sleeping          |     1 |     1 ||     2
 Armour: Robe              |     5 |       ||     5
         Ring mail         |    17 |    47 ||    64
  Dodge: Dodged            |    53 |    48 ||   101

Table legend: (Time is in decaauts)
 A = Elapsed time spent in this place.
 B = Non-inter-level travel time spent in this place.
 C = Inter-level travel time spent in this place.
 D = Time resting spent in this place.
 E = Time spent auto-exploring this place.
 F = Levels seen in this place.
 G = Mean time per level.
                   A        B        C        D        E       F      G
               +--------+--------+--------+--------+--------+-----+--------+
         Total |   2043 |   1964 |     79 |      0 |   1575 |   3 |  681.0 |
       Dungeon |   2043 |   1964 |     79 |      0 |   1575 |   3 |  681.0 |
               +--------+--------+--------+--------+--------+-----+--------+

Top non-repeatable levels by time:
     D:1: 849 daAuts
     D:2: 606 daAuts
     D:3: 588 daAuts
